 Dungeon Crawl Stone Soup version 0.22.1-1-ga44c0e56f4 (webtiles) character file.

45 Morbidden the Chopper (level 3, -4/34 HPs)
             Began as a Naga Monk on Oct 22, 2018.
             Was a Believer of Okawaru.
             Killed from afar by Sigmund (8 damage)
             ... with a puff of flame
             ... on level 2 of the Dungeon.
             The game lasted 00:03:47 (964 turns).

Morbidden the Chopper (Naga Monk)                    Turns: 964, Time: 00:03:47

Health: -4/34      AC:  5    Str: 12 (14) XL:     3   Next: 64%
Magic:  3/3        EV:  7    Int: 14 (15) God:    Okawaru [**....]
Gold:   116        SH:  0    Dex: 10 (13) Spells: 2/2 levels left

rFire    . . .     SeeInvis +   a - +0 hand axe
rCold    . . .     Gourm    .   (no shield)
rNeg     . . .     Faith    .   h - +0 scale mail
rPois    +         Spirit   .   (no helmet)
rElec    .         Reflect  .   (no cloak)
rCorr    .         Harm     .   i - +0 pair of gloves
MR       .....                  (no barding)
Stlth    ..........             (no amulet)
HPRegen  0.11/turn              (no ring)
MPRegen  0.08/turn              (no ring)

@: confused, brilliant, very slow
A: large, see invisible, deformed body, poison resistance, slowness 2, slow
metabolism 1, spit poison 1, AC +1
a: Spit Poison, Heroism, Renounce Religion


You were on level 2 of the Dungeon.
You worshipped Okawaru.
Okawaru was pleased with you.
You were hungry.

You visited 1 branch of the dungeon, and saw 2 of its levels.

You collected 116 gold pieces.

Inventory:

Hand Weapons
 a - a +0 hand axe (weapon)
Missiles
 d - 24 sling bullets
Armour
 h - a +0 scale mail (worn)
 i - a +0 pair of gloves (worn)
Scrolls
 b - a scroll of blinking {unknown}
 f - 3 scrolls of identify {unknown}
 k - 2 scrolls of enchant armour {unknown}
 l - a scroll of noise {unknown}
Potions
 j - a potion of degeneration
Comestibles
 c - 8 rations


   Skills:
 + Level 3.3 Fighting
 * Level 3.5 Axes
 + Level 0.5 Armour
 + Level 2.8 Dodging
 - Level 3.1 Stealth


You had 2 spell levels left.
You didn't know any spells.
Your spell library was empty.

Dungeon Overview and Level Annotations

Branches:
Dungeon (2/15)

Altars:
Okawaru

Annotations:
D:2 Sigmund


Innate Abilities, Weirdness & Mutations

You cannot wear boots.
Your serpentine skin is tough. (AC +1)
You have supernaturally acute eyesight. (SInv)
Armour fits poorly on your strangely shaped body.
Your system is resistant to poisons. (rPois)
You cover ground very slowly.
You have a slow metabolism.
You can spit poison.


Message History

Sigmund gestures at you while chanting.
You are confused.
Sigmund barely misses you.
Unknown command.
It was a potion of brilliance.
You feel clever all of a sudden.
Sigmund hits you from afar with a scythe.
Unknown command.
It was a potion of degeneration.
There was something very wrong with that liquid.
You feel weakened.
You feel dopey.
You feel clumsy.
Sigmund points at you and mumbles some strange words.
The puff of flame hits you!
You're too confused to move!
Sigmund hits you from afar with a scythe!
* * * LOW HITPOINT WARNING * * *
Unknown command.
Sigmund casts a spell at you. The puff of flame hits you!
You die...

≈≈≈.#..# #......#
≈≈≈.#..## #.####.#
≈≈≈≈....########.####.#
≈≈≈......#.........##.#
≈≈≈........#####.#.##.#
≈≈..##.##### #.#.##.#
≈≈.≈ #.# #......# ≈≈.≈
#.# #####.#### ... #+#
#..@..# #.###.#### #
#.@..# #.##.# ....#.#
...............
##...#.#.#......
##.##.#.####... #.
....# ..


You could see Sigmund (invisible).

Vanquished Creatures
  2 adders (D:2)
  A dart slug (D:1)
  2 leopard geckos (D:1)
  4 goblins
  2 hobgoblins (D:1)
  2 jackals (D:1)
  2 kobolds (D:1)
  A quokka (D:2)
  3 ball pythons
  2 bats (D:2)
  3 frilled lizards (D:1)
  A rat (D:1)
25 creatures vanquished.

Notes
Turn   | Place    | Note
-------+----------+-------------------------------------------
     0 | D:1      | Morbidden the Naga Monk began the quest for the Orb.
     0 | D:1      | Reached XP level 1. HP: 21/21 MP: 1/1
    84 | D:1      | Reached XP level 2. HP: 28/28 MP: 2/2
   778 | D:2      | Reached XP level 3. HP: 34/34 MP: 3/3
   803 | D:2      | Found an iron altar of Okawaru.
   828 | D:2      | Became a worshipper of Warmaster Okawaru
   828 | D:2      | Reached * piety under Okawaru
   828 | D:2      | Reached ** piety under Okawaru
   940 | D:2      | Noticed Sigmund
   964 | D:2      | Killed from afar by Sigmund

Action                   || total
-------------------------++-------
Melee: Hand axe          ||    68
 Abil: Spit Poison       ||    15
  Use: Potion            ||     3
 Stab: Distracted        ||     1
Armor: Scale mail        ||    20
Dodge: Dodged            ||    38
